 Dungeon Crawl Stone Soup version 0.31.0-32-g396128a36d (webtiles) character file.

Game seed: 8793591552665041468

88 ratatoskos the Ruffian (level 4, -2/57 HPs)
             Began as a Naga Shapeshifter on Apr 10, 2024.
             Slain by a gnoll
             ... wielding a +0 whip
              (4 damage)
             ... on level 3 of the Dungeon.
             The game lasted 00:03:25 (1642 turns).

ratatoskos the Ruffian (Naga Shapeshifter)          Turns: 1642, Time: 00:03:25

Health: -2/57      AC: 22    Str: 16    XL:     4   Next: 53%
Magic:  4/4        EV:  1    Int: 10    God:
Gold:   106        SH:  0    Dex: 13    Spells: 3/3 levels left

rFire   . .          .
                       - Unarmed
rCold   . . .        (no shield)
rNeg    . . .        a - melded +0 animal skin
rPois   +            (helmet currently unavailable)
rElec   .            (cloak currently unavailable)
rCorr   +            (gloves currently unavailable)
SInv    +            (no barding)
Will    +....        (no amulet)
Stlth   +            e - ring of resist corrosion
HPRegen 0.29/turn    (no ring)
MPRegen 0.09/turn

%: no passive effects
@: mighty, lethally poisoned (-2 -> -9), tree-form, enlightened
A: stationary, stasis, torment immunity, boosted hp, AC +1, large, see
invisible, (deformed body), (poison resistance), (slowness 2), spit poison 1,
(naga tail 1)
a: Spit Poison


You were on level 3 of the Dungeon.
You were a tree.
You visited 1 branch of the dungeon, and saw 3 of its levels.

You collected 106 gold pieces.

Inventory:

Armour
 a - a +0 animal skin (melded)
Jewellery
 e - a ring of resist corrosion (left branch)
Talismans
 c - a beast talisman
 d - a flux talisman
Scrolls
 f - a scroll of immolation {unknown}
 g - a scroll of enchant armour {unknown}
 k - a scroll of amnesia {unknown}
 m - a scroll of identify {unknown}
 n - a scroll of butterflies {unknown}
 o - a scroll of fog {unknown}
Potions
 h - 2 potions of enlightenment
 i - 2 potions of might
 j - 3 potions of curing {unknown}
 l - a potion of invisibility {unknown}
 p - a potion of berserk rage {unknown}


   Skills:
 - Level 1.0 Fighting
 + Level 2.1 Dodging
 * Level 4.0 Unarmed Combat
 * Level 3.8 Shapeshifting


You had 3 spell levels left.
You didn't know any spells.
Your spell library contained the following spells:

 Spells                   Type           Power      Damage    Failure   Level
 Apportation              Tloc           0%         N/A       36%         1
 Necrotise                Necr           0%         1d4       36%         1
 Sting                    Conj/Alch      0%         1d3       36%         1
 Summon Small Mammal      Summ           0%         N/A       36%         1


Dungeon Overview and Level Annotations

Branches:
Dungeon (3/15)

Altars:
Gozag


Innate Abilities, Weirdness & Mutations

You are a tree.
Your roots penetrate the ground, keeping you stationary.
You cannot be teleported.
You are immune to unholy pain and torment.
Your maximum health is greatly increased.
Your equipment is partially melded.
((Your serpentine skin is tough. (AC +1)))
You have supernaturally acute eyesight. (SInv)
((Armour fits poorly on your strangely shaped body.))
((Your system is resistant to poisons. (rPois)))
((You cover ground very slowly.))
You can spit poison.
((You have a snake-like lower body.))


Message History

A gnoll comes into view. It is wielding a +0 flail of venom.
The gnoll moves out of view.
There are monsters nearby!
The gnoll shouts! x2
A gnoll comes into view. It is wielding a +0 whip.
Aiming: Spit Poison (1% risk of failure)
Press: ? - help, Shift-Dir - straight line, f - gnoll
Aim: a gnoll, wielding a +1 heavy halberd (65% to hit)
The splash of poison misses the gnoll.
Unknown command.
The gnoll hits you with a +1 heavy halberd!
You barely miss the gnoll. Your punch misses the gnoll.
The gnoll hits you with a +1 heavy halberd!
You barely miss the gnoll. You punch the gnoll!
The gnoll is severely wounded.
You have got your breath back.
The gnoll misses you.
Your transformation has ended.
You turn into a tree.
Your +0 animal skin melds into your body.
Your roots penetrate the ground.
The gnoll hits you with a +0 flail of venom.
You are poisoned.
The gnoll hits you but does no damage.
The gnoll hits you with a +1 heavy halberd!
* * * LOW HITPOINT WARNING * * *
It was a potion of enlightenment.
Your roots keep you in place.
* * * LOW HITPOINT WARNING * * *
You feel very sick.
The gnoll hits you with a +0 flail of venom.
* * * LOW HITPOINT WARNING * * *
The gnoll hits you but does no damage. x2
Unknown command.
It was a potion of might.
You feel very mighty all of a sudden.
* * * LOW HITPOINT WARNING * * *
You feel very sick. The gnoll hits you but does no damage.
The gnoll hits you with a +0 whip.
You die...

#.#.........#
#.##.#.#.#.#.
#.#..........
#.#...######. #.#.#.# #.
#.#.#.# #.
############.#.#.####.#.
......g..............>#.
.###g♣..##.#.#.#....#.
......gg...#.#.#.####.†.
...###.....#.#.#........
# #####.#.#.######...
.#.#.# ##...
.#.#..........
+#.########... ♣P...
#..P.#


You could see 4 gnolls.

Vanquished Creatures
  5 adders
  2 orcs (D:3)
  3 ball pythons
  2 endoplasms
  3 giant cockroaches
  6 goblins
  4 hobgoblins
  3 kobolds (D:1)
  6 quokkas
  2 bats
  2 frilled lizards
  A rat (D:1)
39 creatures vanquished.

Notes
Turn   | Place    | Note
-------+----------+-------------------------------------------
     0 | D:1      | ratatoskos the Naga Shapeshifter began the quest for the
                  | Orb.
     0 | D:1      | Reached XP level 1. HP: 18/18 MP: 1/1
    52 | D:1      | Reached XP level 2. HP: 17/25 MP: 2/2
   572 | D:1      | Reached XP level 3. HP: 12/31 MP: 3/3
  1042 | D:2      | Found an opulent altar of Gozag.
  1308 | D:3      | Reached XP level 4. HP: 36/38 MP: 4/4
  1609 | D:3      | Reached skill level 4 in Unarmed Combat
  1642 | D:3      | HP: 2/57 [poisoned by a gnoll]
  1642 | D:3      | Slain by a gnoll

Illustrated notes

Levels and vault maps discovered:
D:1:      tarquinn_simple_flora_water_f, layout_rooms
D:2:      layout_rooms, basic_altar
D:3:      minmay_evil_eye, layout_basic, st_stairs_9, serial_bayou_pond_a,
          grunt_ministairs_15, uniq_sigmund

Skill      XL: |  1  2  3  4 |
---------------+-------------+-----
Dodging        | 2 |  2.1
Unarmed Combat | 4 |  4.0
Fighting       | |  1.0
Shapeshifting  | |  3.8

Action                     |  1- 3 |  4- 6 || total
---------------------------+-------+-------++-------
  Melee: Unarmed           |    98 |    48 ||   146
         Punch             |     2 |     1 ||     3
Ability: Spit Poison       |     1 |     1 ||     2
    Use: Potion            |       |     3 ||     3
   Stab: Sleeping          |     1 |       ||     1
 Armour: Animal skin       |    68 |    39 ||   107
         Skin              |       |     8 ||     8
  Dodge: Dodged            |    47 |    20 ||    67
